 Dungeon Crawl Stone Soup version 0.17-a0-119-g2b06fc5 (webtiles) character file.

350562 BluebellGnoll the Brawler (level 22, -38/126 HPs)
             Began as a Vine Stalker Gladiator on Mar 20, 2015.
             Was the Champion of Makhleb.
             Killed from afar by a deep elf annihilator (46 damage)
             ... with an iron shot
             ... on level 3 of the Elven Halls on Mar 21, 2015.
             The game lasted 06:00:53 (54596 turns).

BluebellGnoll the Brawler (Vine Stalker Gladiator) Turns: 54596, Time: 06:00:53

Health: -38/126    AC: 26    Str: 24    XL:     22   Next: 21%
Magic:  0/33       EV: 21    Int: 10    God:    Makhleb [******]
Gold:   5292       SH:  0    Dex: 19    Spells: 3 memorised, 15 levels left

rFire  . . .     SeeInvis .       - Unarmed
rCold  . . .     Clarity  +     A - +2 plate armour {rN+}
rNeg   + + .     SustAb   .     (no shield)
rPois  +         Gourm    .     (helmet restricted)
rElec  .         Spirit   +     c - +0 cloak {rPois}
rCorr  .         Warding  +     T - +0 pair of gloves
rMut   .         Stasis   .     k - +2 pair of boots
MR     ++...                    G - amulet of warding
Stlth  +.........               d - ring of Shaolin {EV+8}
                                Z - +5 ring of evasion

@: about to teleport, very slightly contaminated, invisible, very resistant to
hostile enchantments, very unstealthy
A: claws 1, fangs 3, horns 1, icy blue scales 2, thin skeletal structure 1,
clarity, low mp 1, regeneration 3, spit poison 1, evolution 1, magic shield,
antimagic bite, no device heal 3, rot immunity
a: Spit Poison, Minor Destruction, Lesser Servant of Makhleb, Major Destruction,
Greater Servant of Makhleb, Renounce Religion
}: 2/15 runes: barnacled, gossamer


You were on level 3 of the Elven Halls.
You worshipped Makhleb.
Makhleb was exalted by your worship.
You were very hungry.

You visited 8 branches of the dungeon, and saw 44 of its levels.
You visited the Abyss 1 time.
You also visited: Labyrinth, Sewer and Bailey.

You collected 5947 gold pieces.
You spent 655 gold pieces at shops.

Inventory:

Hand weapons
 J - a +7 blowgun
Missiles
 i - 15 javelins of penetration
 m - 7 silver javelins
 v - 18 throwing nets
 F - 19 poisoned javelins
 M - 8 steel javelins (quivered)
 W - 5 curare-tipped needles
Armour
 c - a +0 cloak of poison resistance (worn)
 k - a +2 pair of boots (worn)
 A - a +2 plate armour of positive energy (worn)
 T - a +0 pair of gloves (worn)
Jewellery
 d - the ring of Shaolin (right hand) {EV+8}
   (You acquired it on level 6 of the Lair of Beasts)

   [ring of evasion]

   It affects your evasion (+8).
 g - an uncursed ring of protection from magic
 s - an uncursed ring of invisibility
 u - an uncursed amulet of rage
 B - an uncursed ring of stealth
 G - an amulet of warding (around neck)
 V - the ring "Pnen" {+/*Tele +Inv +Fly rPois Stlth-}
   (You found it on level 8 of the Lair of Beasts)

   [ring of teleportation]

   It causes random teleportation, and can be evoked to teleport at will.
   It protects you from poison.
   It lets you turn invisible.
   It lets you fly.
   It makes you less stealthy.
 Z - a +5 ring of evasion (left hand)
Magical devices
 j - a wand of slowing (27)
 r - a wand of paralysis (7)
 C - a wand of invisibility (2)
 K - a wand of digging (13)
 L - a wand of cold (10)
 O - a wand of confusion (12)
 P - a wand of enslavement (10)
 U - a wand of lightning (5)
Scrolls
 e - 8 scrolls of remove curse
 l - 2 scrolls of immolation
 n - 6 scrolls of fear
 y - 9 scrolls of teleportation
 z - 4 scrolls of blinking
 H - 3 scrolls of magic mapping
 R - 2 scrolls of fog
 S - a scroll of recharging
 X - 12 scrolls of identify
Potions
 b - a potion of agility
 h - a potion of flight
 o - 20 potions of curing
 p - 3 potions of haste
 x - a potion of cancellation
 D - 2 potions of berserk rage
 N - 2 potions of resistance
 Q - 2 potions of magic
Books
 w - a book of Ice

   Spells                             Type                      Level
   a - Ice Form                       Ice/Transmutation            4
   b - Metabolic Englaciation         Hexes/Ice                    5
   c - Ozocubu's Refrigeration        Ice                          6
   d - Bolt of Cold                   Conjuration/Ice              6
   e - Freezing Cloud                 Conjuration/Ice/Air          6
   f - Simulacrum                     Ice/Necromancy               6
Miscellaneous
 q - a fan of gales
 t - a stone of tremors
 I - a lamp of fire
Comestibles
 a - 30 bread rations
 f - 9 chunks of flesh


   Skills:
 - Level 17.1 Fighting
 - Level 13.8 Throwing
 + Level 10.6 Armour
 - Level 2.4 Dodging
 - Level 11.6 Stealth
 - Level 18.7 Unarmed Combat
 - Level 14.6 Invocations
 - Level 13.1 Evocations


You had 15 spell levels left.
You knew the following spells:

 Your Spells              Type           Power        Failure   Level  Hunger
a - Regeneration          Chrm/Necr      #.........   100%        3    ####...
b - Infusion              Chrm           #.....       100%        1    ##.....
c - Repel Missiles        Chrm/Air       #.....       100%        2    ###....


Dungeon Overview and Level Annotations

Branches:
Dungeon (15/15)            Temple (1/1) D:6            Lair (8/8) D:11
 Shoals (5/5) Lair:3       Spider (5/5) Lair:3        Slime (0/6) Lair:7
    Orc (4/4) D:9             Elf (3/3) Orc:4        Vaults (3/5) D:13
  Crypt (0/3) Vaults:2     Depths (0/5) D:15

Altars:
Ashenzari
Cheibriados
Dithmenos
Elyvilon
Fedhas
Gozag
Kikubaaqudgha
Makhleb
Nemelex Xobeh
Okawaru
Qazlal
Ru
Sif Muna
Trog
Xom
Yredelemnul
Zin
Jiyva

Shops:
D:6 *   D:9 *?!([(   D:15 *   Orc:3 }   Orc:4 %:(%   Shoals:2 :   Shoals:5 [
Vaults:3 :

Annotations:
D:2 dig
Elf:2 1 runed door, exclusion: door
Elf:3 Kirke, Saint Roka


Innate Abilities, Weirdness & Mutations

You have razor-sharp teeth.
You regenerate.
When hurt, damage is shared between your health and your magic reserves.
Your bite disrupts and absorbs the magic of your enemies.
Potions and wands cannot restore your health.
You are immune to rotting.
You have sharp fingernails.
You have a pair of small horns on your head.
You are mostly covered in icy blue scales (AC +3, EV -1).
You have a somewhat thin skeletal structure (Dex +2, Stealth).
You possess an exceptional clarity of mind.
Your magical capacity is low (-10% MP).
You can spit poison.
You evolve.


Message History

The deep elf death mage beckons forth a restless soul!
The deep elf annihilator gestures at you while chanting.
The crystal spear hits you!
* * * LOW HITPOINT WARNING * * *
Kirke casts a spell at you. You resist with almost no effort.
The deep elf sorcerer shouts, "You are history!"
A deep elf annihilator comes into view. It is wielding a dagger.
The deep elf annihilator shouts!
Unknown command.
Drink which item? (? for menu, Esc to quit)
Okay, then.
Unknown command.
You closely miss the deep elf sorcerer.
Your headbutt misses the deep elf sorcerer.
Your bite misses the deep elf sorcerer.
The deep elf death mage hits you but does no damage.
The deep elf annihilator gestures at you while chanting.
The iron shot hits you!
You die...

...........5.5ee...
...3.....55.e.3....
e#
#.............#.#..
...# ##.........##
##..
.*...####.......##
. .e.....####$e.1#.
.....e..#.#.@.#
#........e.....#.
#.......@e.......
#...e....*.......
.........e.....
###.........4hh.h
###?###..?.........
#|$|$[##.....###.#
#($###3|###..## .
#$|$ ##oeo#### #e#
###:#


You could see Kirke, a deep elf blademaster (wandering), an Ice Fiend, 2 deep
elf annihilators, 2 deep elf death magi, 3 deep elf sorcerers, a rust devil
(wandering), 3 hogs and 2 lost souls.

Vanquished Creatures
  Sojobo (Vaults:2)
  Norris (Vaults:2)
  A bone dragon (Vaults:2)
  Arachne (Spider:2)
  Nikola (Vaults:1)
  Asterion (Spider:1)
  A deep elf blademaster (Elf:3)
  Polyphemus (Shoals:2)
  The ghost of BluebellGnoll the Imperceptible, a mighty SpEn of Vehumet (Elf:2)
  Agnes (Spider:3)
  Frances (D:14)
  The ghost of Shredu92 the Sharpshooter, a mighty DDHu of Okawaru (Elf:2)
  3 tengu reavers
  Ilsuiw (Shoals:5)
  Wiglaf (Spider:5)
  A fire giant (Vaults:3)
  5 vault wardens
  A frost giant (Vaults:2)
  Aizul (Shoals:2)
  4 deep elf sorcerers
  3 ghost moths (Spider:5)
  10 emperor scorpions
  7 ironheart preservers
  The ghost of Ngotmuk the Protected, a powerful DDFi of Elyvilon (Orc:2)
  7 stone giants
  A very ugly thing (Vaults:1)
  5 deep elf demonologists
  3 deep elf annihilators
  Azrael (D:15)
  The ghost of Antondotnet the Eclecticist, a powerful DrWz of Vehumet (D:14)
  12 merfolk javelineers
  3 deep elf death magi
  5 yaktaur captains
  4 fire dragons
  8 merfolk impalers
  2 deep elf high priests
  7 vault guards
  Josephine (D:13)
  A minotaur (Lab)
  A great orb of eyes (Vaults:3)
  An ice dragon (Vaults:2)
  7 hydras
  Harold (D:13)
  2 catoblepae
  A deep troll earth mage (Vaults:3)
  A rakshasa (Vaults:1)
  6 merfolk avatars
  An alligator snapping turtle (Shoals:4)
  19 dancing weapons (Elf:2)
  10 centaur warriors
  5 merfolk aquamancers
  A satyr (Shoals:5)
  3 orc high priests (Orc:4)
  A tengu warrior (D:10)
  4 ogre magi
  A deep troll shaman (Lair:8)
  13 death yaks
  A storm dragon zombie (Vaults:1)
  A fire crab (Vaults:3)
  22 deep elf knights
  A sea snake (shapeshifter) (Vaults:3)
  2 storm dragon skeletons
  15 skeletal warriors
  2 wizards
  2 flayed ghosts
  2 unseen horrors
  2 giant orange brains (Vaults:2)
  19 sea snakes
  12 orc knights
  5 deep trolls (Vaults:3)
  Erolcha (D:13)
  5 hill giants
  11 deep elf summoners
  3 necromancers
  An iron dragon zombie (D:15)
  10 ironbrand convokers
  A lindwurm (Lair:8)
  17 deep elf conjurers
  30 harpies
  14 orb spiders
  A large abomination (Elf:1)
  9 water nymphs
  A stone giant zombie (Vaults:1)
  27 wolf spiders
  5 fauns
  14 griffons
  7 cyclopes
  7 orc sorcerers
  A human zombie (Vaults:3)
  39 ugly things
  3 moths of wrath
  11 elephants (Lair:8)
  6 hornets
  13 manticores
  A hornet (shapeshifter) (Vaults:2)
  Maurice (D:13)
  8 sirens
  2 torpor snails
  5 vault sentinels
  An octopode (shapeshifter) (D:14)
  6 black mambas
  A kobold demonologist (D:14)
  5 fire drakes
  9 yaktaurs
  11 spiny frogs
  10 demonic crawlers
  7 komodo dragons
  3 tengu conjurers
  11 two-headed ogres
  A queen bee (Spider:3)
  20 deep elf priests
  31 jumping spiders
  A spriggan skeleton (D:15)
  7 trolls
  3 polar bears
  49 merfolk
  29 slime creatures
  A queen bee (shapeshifter) (Vaults:2)
  8 wind drakes
  4 freezing wraiths
  A troll (shapeshifter) (Vaults:3)
  3 ravens
  6 boulder beetles
  20 blink frogs
  A fire dragon zombie (D:15)
  14 snapping turtles
  6 wyverns
  3 basilisks
  3 shadows
  10 water elementals
  17 trapdoor spiders
  29 deep elf magi
  66 redbacks
  22 tarantellas
  2 tarantellas (shapeshifter)
  2 fire elementals (D:15)
  5 wraiths (D:13)
  A steam dragon (D:11)
  26 wolves
  A redback simulacrum (Vaults:3)
  2 hungry ghosts
  12 hippogriffs
  16 yaks
  15 vampire mosquitoes
  A yak (shapeshifter) (Vaults:3)
  3 wargs
  Edmund (D:6)
  45 deep elf fighters
  A hippogriff (shapeshifter) (Vaults:1)
  2 mottled dragons
  8 porcupines
  3 wasps
  4 hell hounds (D:15)
  33 spiders
  3 sky beasts
  14 water moccasins
  4 black bears
  2 eyes of draining
  39 orc warriors
  2 necrophages
  3 phantoms
  8 centaurs
  19 ogres
  14 crocodiles
  3 human skeletons
  A boring beetle (Lair:5)
  A gnoll sergeant (D:6)
  28 giant frogs
  A deep troll simulacrum (Vaults:1)
  7 big kobolds
  A wyvern skeleton (D:11)
  12 scorpions
  52 killer bees
  8 wights
  2 human simulacra (Vaults:1)
  2 yak skeletons (Orc:4)
  3 electric eels
  6 crimson imps
  3 quasits
  3 centaur zombies
  A wasp zombie (D:11)
  12 hounds
  19 orc priests
  6 jellies
  Crazy Yiuf (D:6)
  7 iguanas
  4 centaur skeletons
  3 giant frog skeletons
  37 orc wizards
  13 worker ants
  2 hell rats
  47 sheep
  Ijyb (D:6)
  2 hound zombies
  A worker ant zombie (D:8)
  90 river rats
  4 gnolls
  An orc skeleton (Orc:4)
  2 shadow imps
  25 adders
  5 giant mites (D:3)
  An orc zombie (Orc:4)
  2 adder skeletons
  An adder zombie (D:9)
  7 giant geckos
  3 oozes
  175 orcs
  14 bats
  A bat skeleton (D:4)
  10 giant cockroaches
  26 hobgoblins
  10 jackals (D:2)
  16 quokkas
  4 ball pythons (Sewer)
  7 giant newts
  33 goblins
  48 kobolds
  A quokka skeleton (D:6)
  32 rats
  8 rat skeletons (Orc:4)
  2 fungi
  3 plants
2059 creatures vanquished.

Vanquished Creatures (collateral kills)
  An orb spider (Spider:1)
  A harpy (Vaults:3)
  A redback (Spider:1)
  A spider (Spider:1)
4 creatures vanquished.

Vanquished Creatures (others)
  A green death (Lair:6)
  An orange demon (D:10)
  8 drowned souls
  An air elemental (Spider:1)
  A freezing wraith (Vaults:1)
  2 fire elementals
  A neqoxec (D:9)
  A deep elf fighter (Elf:1)
  A human (D:13)
  2 lost souls (Elf:3)
  An orc wizard (Orc:4)
  An orc (Elf:1)
  2 rat skeletons (Orc:4)
  3 plants
26 creatures vanquished.

Grand Total: 2089 creatures vanquished

Notes
Turn   | Place    | Note
--------------------------------------------------------------
     0 | D:1      | BluebellGnoll, the Vine Stalker Gladiator, began the quest for the Orb.
     0 | D:1      | Reached XP level 1. HP: 11/11 MP: 1/1
    93 | D:1      | Reached skill level 1 in Stealth
   245 | D:1      | Reached XP level 2. HP: 12/15 MP: 3/3
   606 | D:2      | Reached XP level 3. HP: 18/18 MP: 4/4
   707 | D:2      | Reached skill level 4 in Unarmed Combat
   739 | D:2      | Reached XP level 4. HP: 17/23 MP: 5/5
   931 | D:2      | Found an ancient bone altar of Kikubaaqudgha.
  1136 | D:3      | Reached skill level 5 in Unarmed Combat
  1136 | D:3      | Reached XP level 5. HP: 13/26 MP: 7/7
  1318 | D:3      | Found a shattered altar of Ashenzari.
  1509 | D:3      | Found a glowing drain.
  1523 | D:3      | Reached skill level 6 in Unarmed Combat
  1525 | Sewer    | Entered a sewer
  1567 | Sewer    | Gained mutation: You heal very quickly. [vine stalker growth]
  1567 | Sewer    | Reached XP level 6. HP: 21/30 MP: 8/8
  2327 | D:4      | You fall through a shaft for 2 floors!
  2335 | D:6      | Reached skill level 1 in Armour
  2354 | D:6      | Found a staircase to the Ecumenical Temple.
  2357 | D:6      | Noticed Ijyb
  2371 | D:6      | Killed Ijyb
  2371 | D:6      | Reached XP level 7. HP: 36/36 MP: 9/9
  2386 | Temple   | Entered the Ecumenical Temple
  2395 | Temple   | Became a worshipper of Makhleb the Destroyer
  2441 | D:6      | Noticed Edmund
  2448 | D:6      | Killed Edmund
  2452 | D:5      | Entered Level 5 of the Dungeon
  2484 | D:5      | Found a burning altar of Makhleb.
  2484 | D:5      | Noticed a blizzard demon
  2573 | D:4      | Got a translucent jade ring
  2608 | D:4      | Identified the ring of the Median {+/*Tele Str+2 Dex+5} (You found it on level 4 of the Dungeon)
  2967 | D:4      | Found a white marble altar of Elyvilon.
  3212 | D:5      | Gained mutation: You have razor-sharp teeth. [vine stalker growth]
  3212 | D:5      | Reached XP level 8. HP: 40/40 MP: 11/11
  3363 | D:5      | Noticed a hungry ghost
  3375 | D:5      | Killed a hungry ghost
  3375 | D:5      | Acquired Makhleb's first power
  3375 | D:5      | Reached skill level 7 in Unarmed Combat
  3697 | D:6      | Reached skill level 8 in Unarmed Combat
  3931 | D:6      | Found a bloodstained altar of Trog.
  3958 | D:6      | Found Idghij's General Store.
  3963 | D:6      | Acquired Makhleb's second power
  4020 | D:6      | Bought a potion of mutation for 32 gold pieces
  4020 | D:6      | Bought a potion of flight for 39 gold pieces
  4075 | D:6      | Reached skill level 9 in Unarmed Combat
  4183 | D:6      | Noticed Crazy Yiuf
  4197 | D:6      | Killed Crazy Yiuf
  4346 | D:7      | Reached XP level 9. HP: 44/44 MP: 10/12
  4819 | D:7      | Reached skill level 10 in Unarmed Combat
  4955 | D:7      | Acquired Makhleb's third power
  4972 | D:7      | Reached skill level 5 in Stealth
  5208 | D:7      | Found an opulent altar of Gozag.
  5502 | D:8      | Got a jewelled war axe
  5746 | D:8      | Found a shimmering altar of Xom.
  5798 | D:8      | Reached skill level 11 in Unarmed Combat
  5836 | D:8      | Found a shimmering altar of Xom.
  5839 | D:8      | Found a shimmering altar of Xom.
  5840 | D:8      | Found a shimmering altar of Xom.
  5868 | D:8      | Gained mutation: Your system is resistant to poisons. [mutagenic meat]
  5926 | D:8      | Acquired Makhleb's fourth power
  6089 | D:8      | Reached skill level 1 in Invocations
  6089 | D:8      | Reached XP level 10. HP: 51/51 MP: 12/14
  6114 | D:8      | Found a shimmering altar of Xom.
  6114 | D:8      | Found a shimmering altar of Xom.
  6114 | D:8      | Noticed a lindwurm
  6183 | D:8      | Noticed a guardian serpent
  6489 | D:8      | Reached skill level 5 in Fighting
  6582 | D:9      | Found Dut Ett's Distillery.
  6629 | D:9      | Bought a potion of brilliance for 52 gold pieces
  6629 | D:9      | Bought a potion of invisibility for 104 gold pieces
  6641 | D:9      | Found Sminn's Weapon Emporium.
  6641 | D:9      | Found a staircase to the Orcish Mines.
  7023 | D:9      | Found King's Armour Emporium.
  7034 | D:9      | Found Taodee's Weapon Emporium.
  7324 | D:9      | Reached skill level 5 in Invocations
  7329 | D:9      | Acquired Makhleb's fifth power
  7471 | D:9      | Found Qocringu's Magic Scroll Emporium.
  7482 | D:9      | Bought a scroll of blinking for 82 gold pieces
  7482 | D:9      | Bought 2 scrolls of identify for 44 gold pieces
  7482 | D:9      | Bought a scroll of identify for 22 gold pieces
  7482 | D:9      | Bought a scroll of enchant armour for 82 gold pieces
  7487 | D:9      | Gained mutation: Your body is slowly deteriorating. [potion of mutation]
  7487 | D:9      | Gained mutation: You are partially covered in molten scales (AC +1). [potion of mutation]
  7488 | D:9      | Lost mutation: Your body is slowly deteriorating. [potion of cure mutation]
  7488 | D:9      | Lost mutation: You are partially covered in molten scales (AC +1). [potion of cure mutation]
  7488 | D:9      | Lost mutation: Your system is resistant to poisons. [potion of cure mutation]
  7489 | D:9      | Gained mutation: You are agile. (Dex +2) [potion of mutation]
  7489 | D:9      | Gained mutation: You are somewhat resistant to further mutation. [potion of mutation]
  7490 | D:9      | Gained mutation: Your system is resistant to poisons. [potion of mutation]
  7636 | D:9      | Found Ostra's Assorted Antiques.
  7643 | D:9      | Bought a scroll of identify for 54 gold pieces
  7809 | D:9      | Identified the +8 war axe of Fylu {antimagic, rPois rF+++ rC- MP+9} (You found it on level 8 of the Dungeon)
  7913 | D:10     | Entered Level 10 of the Dungeon
  8198 | D:10     | Reached skill level 1 in Evocations
  8307 | D:10     | Reached XP level 11. HP: 58/58 MP: 22/22
  8880 | D:10     | Noticed a tengu warrior
  8896 | D:10     | Killed a tengu warrior
  9087 | D:11     | Reached skill level 12 in Unarmed Combat
  9130 | D:11     | Found an ancient bone altar of Kikubaaqudgha.
  9856 | D:11     | Found a staircase to the Lair.
 10298 | Lair:1   | Entered Level 1 of the Lair of Beasts
 11215 | Lair:2   | Reached skill level 13 in Unarmed Combat
 11290 | Lair:2   | Gained mutation: You regenerate. [vine stalker growth]
 11290 | Lair:2   | Reached XP level 12. HP: 27/63 MP: 6/25
 11469 | Lair:2   | Reached skill level 5 in Evocations
 11829 | Lair:2   | Reached skill level 14 in Unarmed Combat
 12306 | Lair:2   | Noticed a four-headed hydra
 12311 | Lair:2   | Killed a four-headed hydra
 13283 | Lair:3   | Found a staircase to the Shoals.
 13327 | Lair:3   | Found a hole to the Spider Nest.
 14509 | Lair:5   | Reached XP level 13. HP: 65/67 MP: 24/27
 14522 | Lair:5   | Found a labyrinth entrance.
 14538 | Lab      | Entered a labyrinth
 15315 | Lab      | Noticed a minotaur
 15338 | Lab      | Killed a minotaur
 15340 | Lab      | Got an ancient silver ring
 15557 | Lair:2   | Identified the ring "Ojofui" {+/*Tele Str+4} (You took it off a minotaur in a labyrinth)
 15564 | Lair:2   | Learned a level 3 spell: Regeneration
 15567 | Lair:2   | Learned a level 1 spell: Infusion
 15703 | Lair:5   | Noticed a death yak
 15703 | Lair:5   | Noticed a death yak
 15705 | Lair:5   | Noticed a death yak
 15706 | Lair:5   | Noticed a death yak
 15706 | Lair:5   | Noticed a death yak
 15747 | Lair:5   | Killed a death yak
 15842 | Lair:5   | Killed a death yak
 15853 | Lair:5   | Killed a death yak
 15862 | Lair:5   | Killed a death yak
 15868 | Lair:5   | Killed a death yak
 16328 | Lair:6   | Identified a scroll of acquirement
 16348 | Lair:6   | Reached skill level 5 in Throwing
 16747 | Lair:6   | Reached skill level 10 in Fighting
 17589 | Orc:1    | Entered Level 1 of the Orcish Mines
 17622 | Orc:1    | Found a flagged portal.
 17647 | Bailey   | Entered a bailey
 17811 | Bailey   | Found a bloodstained altar of Trog.
 17913 | Orc:1    | Found a bloodstained altar of Trog.
 18482 | Orc:2    | Noticed Ngotmuk's ghost (powerful DDFi)
 18511 | Orc:2    | Killed Ngotmuk's ghost
 18650 | Orc:2    | Reached XP level 14. HP: 77/77 MP: 28/28
 18849 | Orc:2    | Found a bloodstained altar of Trog.
 18943 | Orc:1    | Found an ancient bone altar of Kikubaaqudgha.
 19070 | Orc:3    | Found Ritalarch's Gadget Shop.
 19727 | Orc:4    | Entered Level 4 of the Orcish Mines
 20180 | Orc:4    | Found a staircase to the Elven Halls.
 20200 | Orc:4    | Found a shimmering altar of Xom.
 20391 | Orc:4    | Reached skill level 10 in Stealth
 20786 | Orc:4    | Found Seha's Food Emporium.
 20832 | Orc:4    | Found Klyter's Food Shop.
 20842 | Orc:4    | Found Fiojuhef's Book Emporium.
 20843 | Orc:4    | Found Fryow's Weapon Shop.
 20860 | Orc:4    | Bought 2 tomahawks of returning for 32 gold pieces
 21972 | D:12     | Reached skill level 5 in Armour
 22111 | D:13     | Noticed Harold
 22118 | D:13     | Killed Harold
 22216 | D:13     | Noticed Josephine
 22224 | D:13     | Killed Josephine
 22597 | D:13     | Noticed Maurice
 22607 | D:13     | Killed Maurice
 22859 | D:13     | Noticed Erolcha
 22867 | D:13     | Killed Erolcha
 23228 | D:13     | Found a gate to the Vaults.
 23486 | D:14     | Reached XP level 15. HP: 80/80 MP: 29/29
 23501 | D:14     | Reached skill level 15 in Unarmed Combat
 23516 | D:14     | Gained mutation: Your body is slowly deteriorating. [mutagenic meat]
 23518 | D:14     | Gained mutation: You occasionally shout uncontrollably at your foes. [mutagenic meat]
 23528 | D:14     | Gained mutation: You have large cloven feet. [mutagenic meat]
 23530 | D:14     | Lost mutation: You are somewhat resistant to further mutation. [mutagenic meat]
 23531 | D:14     | Lost mutation: You are agile. (Dex +2) [mutagenic meat]
 23672 | Lair:2   | Lost mutation: You have large cloven feet. [potion of cure mutation]
 23672 | Lair:2   | Lost mutation: Your system is resistant to poisons. [potion of cure mutation]
 23672 | Lair:2   | Lost mutation: You occasionally shout uncontrollably at your foes. [potion of cure mutation]
 23672 | Lair:2   | Lost mutation: Your body is slowly deteriorating. [potion of cure mutation]
 23797 | Spider:1 | Entered Level 1 of the Spider Nest
 24334 | Lair:7   | Found a viscous altar of Jiyva.
 24334 | Lair:7   | Found a staircase to the Slime Pits.
 25134 | Lair:8   | Entered Level 8 of the Lair of Beasts
 25336 | Lair:8   | Reached skill level 16 in Unarmed Combat
 25440 | Lair:8   | Got an ancient bone ring
 25469 | Lair:8   | Identified the ring "Pnen" {+/*Tele +Inv +Fly rPois Stlth-} (You found it on level 8 of the Lair of Beasts)
 25752 | Lair:8   | Learned a level 2 spell: Repel Missiles
 26567 | D:14     | Found a sacrificial altar of Ru.
 26583 | D:14     | Noticed Antondotnet's ghost (powerful DrWz)
 26584 | D:14     | Noticed Frances
 26603 | D:14     | Reached skill level 17 in Unarmed Combat
 26803 | D:14     | Killed Antondotnet's ghost
 26851 | D:14     | Gained mutation: You tend to lose your temper in combat. [mutagenic meat]
 26852 | D:14     | Gained mutation: Your body is slowly deteriorating. [mutagenic meat]
 26853 | D:14     | Gained mutation: You are partially covered in icy blue scales (AC +1). [mutagenic meat]
 26854 | D:14     | Gained mutation: You are clumsy. (Dex -2) [mutagenic meat]
 26855 | D:14     | Gained mutation: You are dopey. (Int -2) [mutagenic meat]
 26856 | D:14     | Gained mutation: You expend magic power (3 MP) to slightly strengthen your wands. [mutagenic meat]
 26857 | D:14     | Gained mutation: You expend magic power (6 MP) to strengthen your wands. [mutagenic meat]
 26859 | D:14     | Lost mutation: You are dopey. (Int -2) [mutagenic meat]
 26861 | D:14     | Lost mutation: You are clumsy. (Dex -2) [mutagenic meat]
 26862 | D:14     | Gained mutation: You have a pair of small horns on your head. [mutagenic meat]
 26863 | D:14     | Gained mutation: You possess an exceptional clarity of mind. [mutagenic meat]
 26970 | D:14     | Killed Frances
 26974 | D:14     | Gained mutation: Your spells are a little easier to cast, but a little less powerful. [potion of mutation]
 27213 | D:14     | Reached XP level 16. HP: 85/85 MP: 30/30
 27235 | D:15     | Entered Level 15 of the Dungeon
 27336 | D:15     | Found a staircase to the Depths.
 27422 | D:15     | Gained mutation: Armour fits poorly on your strangely shaped body. [mutagenic meat]
 27423 | D:15     | Lost mutation: You tend to lose your temper in combat. [mutagenic meat]
 27424 | D:15     | Gained mutation: You have a somewhat thin skeletal structure (Dex +2, Stealth). [mutagenic meat]
 27425 | D:15     | Lost mutation: Your body is slowly deteriorating. [mutagenic meat]
 27426 | D:15     | Gained mutation: You evolve. [mutagenic meat]
 27428 | D:15     | Gained mutation: Your magical capacity is low (-10% MP). [mutagenic meat]
 27430 | D:15     | Lost mutation: Armour fits poorly on your strangely shaped body. [mutagenic meat]
 27431 | D:15     | Lost mutation: You expend magic power (6 MP) to strengthen your wands. [mutagenic meat]
 27432 | D:15     | Gained mutation: You have sharp fingernails. [mutagenic meat]
 27533 | D:15     | Gained mutation: You can spit poison. [evolution]
 27592 | D:15     | Noticed Azrael
 27602 | D:15     | Killed Azrael
 27928 | D:15     | Reached skill level 10 in Throwing
 28406 | D:15     | Found Trurpha's General Store.
 28410 | D:15     | Bought a scroll of fog for 32 gold pieces
 28410 | D:15     | Bought a scroll of identify for 32 gold pieces
 28410 | D:15     | Bought a potion of curing for 48 gold pieces
 29048 | Elf:1    | Entered Level 1 of the Elven Halls
 31106 | Elf:2    | Reached XP level 17. HP: 66/90 MP: 23/27
 31300 | Elf:2    | Found a runed door.
 31337 | Elf:2    | Found a runed door.
 31505 | Elf:2    | Noticed BluebellGnoll's ghost (mighty SpEn)
 32051 | Spider:1 | Noticed Asterion
 32070 | Spider:1 | Killed Asterion
 32835 | Spider:2 | Noticed Arachne
 32984 | Spider:2 | Killed Arachne
 33052 | Spider:2 | Got a translucent war axe
 33502 | Spider:2 | Reached skill level 18 in Unarmed Combat
 33702 | Spider:3 | Noticed Agnes
 33726 | Spider:3 | Killed Agnes
 33947 | Lair:2   | Identified the +8 war axe of Shuuthau {pain, Contam rElec Str+4 Int+4} (You found it on level 2 of the Spider Nest)
 35629 | Spider:4 | Reached XP level 18. HP: 99/99 MP: 27/27
 36480 | Spider:5 | Entered Level 5 of the Spider Nest
 37003 | Spider:5 | Noticed Wiglaf
 37020 | Spider:5 | Killed Wiglaf
 38993 | Spider:5 | Got a gossamer rune of Zot
 39272 | Shoals:1 | Entered Level 1 of the Shoals
 39882 | Shoals:1 | Reached skill level 10 in Evocations
 40568 | Shoals:2 | Found Fiaprateni's Book Shop.
 40990 | Shoals:2 | Noticed Polyphemus
 41256 | Shoals:2 | Noticed Aizul
 41263 | Shoals:2 | Killed Aizul
 41362 | Shoals:2 | Reached XP level 19. HP: 47/104 MP: 29/29
 41419 | Shoals:2 | Got a shimmering leather armour
 41525 | Shoals:2 | Killed Polyphemus
 42437 | Lair:2   | Identified the cursed +1 leather armour of Jukhen {SInv} (You took it off a merfolk on level 2 of the Shoals)
 43645 | Shoals:4 | Reached skill level 10 in Invocations
 43696 | Shoals:5 | Entered Level 5 of the Shoals
 43700 | Shoals:5 | Found Raschuy's Armour Shop.
 43706 | Shoals:5 | Lost mutation: Your spells are a little easier to cast, but a little less powerful. [evolution]
 44394 | Shoals:5 | Noticed Ilsuiw
 44452 | Shoals:5 | Killed Ilsuiw
 45612 | Shoals:5 | Got a barnacled rune of Zot
 45893 | Shoals:5 | Reached XP level 20. HP: 88/109 MP: 20/31
 46818 | Vaults:1 | Entered Level 1 of the Vaults
 46820 | Vaults:1 | Got a faintly glowing ring mail
 47332 | Vaults:1 | Got a crude rapier
 47395 | D:13     | Identified the +5 ring mail "Strucy" {rCorr Str-4 Dex+7} (You found it on level 1 of the Vaults)
 47944 | Vaults:1 | Cast into the Abyss (a deep elf sorcerer)
 47960 | Vaults:1 | Escaped the Abyss
 48308 | Vaults:1 | Noticed Nikola
 48315 | Vaults:1 | Killed Nikola
 48631 | Vaults:1 | Lost mutation: You expend magic power (3 MP) to slightly strengthen your wands. [evolution]
 49218 | Vaults:2 | Reached XP level 21. HP: 116/116 MP: 33/33
 49551 | Vaults:2 | Noticed a bone dragon
 49552 | Vaults:2 | Found a staircase to the Crypt.
 49558 | Vaults:2 | Killed a bone dragon
 49603 | Vaults:2 | Reached skill level 15 in Fighting
 49651 | Vaults:2 | Noticed Norris
 49680 | Vaults:2 | Killed Norris
 50353 | Vaults:2 | Noticed Sojobo
 50369 | Vaults:2 | Killed Sojobo
 52266 | Vaults:3 | Gained mutation: You are mostly covered in icy blue scales (AC +3, EV -1). [evolution]
 52271 | Vaults:3 | Found Ritag's Book Emporium.
 53314 | Elf:2    | Killed BluebellGnoll's ghost
 53420 | Elf:2    | Noticed Shredu92's ghost (mighty DDHu)
 53611 | Elf:2    | Reached XP level 22. HP: 126/126 MP: 33/33
 53847 | Elf:2    | Killed Shredu92's ghost
 53960 | Elf:3    | Entered Level 3 of the Elven Halls
 54035 | Elf:3    | Reached skill level 10 in Armour
 54586 | Elf:3    | Noticed Saint Roka
 54594 | Elf:3    | Noticed Kirke
 54596 | Elf:3    | Killed from afar by a deep elf annihilator

Action                   |  1- 3 |  4- 6 |  7- 9 | 10-12 | 13-15 | 16-18 | 19-21 | 22-24 || total
-------------------------+-------+-------+-------+-------+-------+-------+-------+-------++-------
Melee: Unarmed           |    73 |   213 |   342 |   690 |  1193 |  1147 |  1304 |    86 ||  5048
 Fire: Blowgun           |       |       |       |    49 |    36 |    12 |       |       ||    97
Throw: Tomahawk          |       |     3 |    62 |   162 |   137 |   581 |   171 |       ||  1116
       Throwing net      |       |       |     4 |     2 |       |       |       |       ||     6
       Javelin           |       |       |       |       |       |     1 |   258 |    11 ||   270
Invok: Lesser Servant of |       |       |       |     2 |       |       |       |       ||     2
       Major Destruction |       |       |       |     4 |    14 |    23 |       |       ||    41
       Greater Servant o |       |       |       |       |     1 |       |       |       ||     1
 Abil: Evoke Invisibilit |       |       |       |       |     5 |     5 |     1 |       ||    11
       Evoke Flight      |       |       |       |       |     2 |    30 |    54 |       ||    86
       Evoke Teleportati |       |       |       |       |       |    10 |    11 |     4 ||    25
       Spit Poison       |       |       |       |       |       |       |     1 |       ||     1
Evoke: Wand              |       |       |       |     3 |    25 |     5 |     3 |     3 ||    39
       Lamp of fire      |       |       |       |       |     2 |     1 |     1 |       ||     4
       Fan of gales      |       |       |       |       |       |     1 |       |       ||     1
       Stone of tremors  |       |       |       |       |       |     1 |       |       ||     1
  Use: Scroll            |       |     4 |     7 |    21 |    15 |    11 |    10 |     4 ||    72
       Potion            |       |       |       |     6 |     4 |     9 |     5 |       ||    24
 Stab: Sleeping          |     2 |     7 |       |       |     4 |     8 |     3 |       ||    24
       Held in net/web   |       |       |     1 |     2 |       |       |       |       ||     3
       Invisible         |       |       |       |       |     5 |    15 |     2 |     1 ||    23
       Paralysed         |       |       |       |       |     6 |     2 |       |       ||     8
       Distracted        |       |       |       |       |     2 |     1 |     1 |       ||     4
       Confused          |       |       |       |       |       |     1 |     1 |       ||     2
  Eat: Chunk             |       |     5 |    14 |    26 |    74 |    69 |    49 |     3 ||   240
       Beef jerky        |       |       |       |     1 |       |     1 |       |       ||     2
       Pizza             |       |       |       |       |     2 |       |     1 |       ||     3
       Fruit             |       |       |       |       |       |       |     2 |       ||     2
